 Dungeon Crawl Stone Soup version 0.31.0-9-g3a7656b989 (webtiles) character file.

Game seed: 8382741983665924751

1261 Peloso the Slasher (level 8, -2/70 HPs)
             Began as a Minotaur Fighter on Jan 31, 2024.
             Slain by a centaur (3 damage)
             ... on level 6 of the Dungeon.
             The game lasted 00:11:20 (5508 turns).

Peloso the Slasher (Minotaur Fighter)               Turns: 5508, Time: 00:11:20

Health: -2/70      AC: 13    Str: 21    XL:     8   Next: 27%
Magic:  0/7        EV:  8    Int:  5    God:
Gold:   300        SH:  5    Dex: 12    Spells: 7/7 levels left

rFire   . . .        a - +0 long sword
rCold   . . .        d - +0 buckler
rNeg    . . .        p - +0 chain mail
rPois   .            (helmet restricted)
rElec   .            (no cloak)
rCorr   +            c - +0 pair of gloves
SInv    .            i - +0 pair of boots
Will    .....        j - amulet of guardian spirit Stlth
                     f - ring of resist corrosion
HPRegen 0.31/turn    (no ring)
MPRegen 0.10/turn

%: guardian spirit
@: no status effects
A: horns 2, retaliatory headbutt
a: no special abilities


You were on level 6 of the Dungeon.
You visited 1 branch of the dungeon, and saw 6 of its levels.

You collected 300 gold pieces.

Inventory:

Hand Weapons
 a - a +0 long sword (weapon)
Missiles
 l - 3 throwing nets (quivered)
Armour
 b - a +0 scale mail
 c - a +0 pair of gloves (worn)
 d - a +0 buckler (worn)
 i - a +0 pair of boots (worn)
 p - a +0 chain mail (worn)
Jewellery
 f - a ring of resist corrosion (left hand)
 j - an amulet of guardian spirit (around neck)
 k - a ring of see invisible
 m - a ring of poison resistance
Wands
 q - a wand of digging (4)
 r - a wand of mindburst (20)
Scrolls
 e - a scroll of blinking
 g - a scroll of teleportation {unknown}
 h - 2 scrolls of poison
 o - 2 scrolls of revelation {unknown}
 u - a scroll of enchant weapon {unknown}
 v - a scroll of amnesia {unknown}
Potions
 n - a potion of resistance
 s - a potion of might
 t - a potion of mutation


   Skills:
 + Level 5.8 Fighting
 + Level 7.5 Long Blades
 + Level 7.1 Armour
 + Level 1.9 Dodging
 + Level 1.1 Stealth
 + Level 6.0 Shields


You had 7 spell levels left.
You didn't know any spells.
Your spell library contained the following spells:

 Spells                   Type           Power      Damage    Failure   Level
 Slow                     Hex            0%         N/A       98%         1
 Summon Small Mammal      Summ           0%         N/A       98%         1
 Call Canine Familiar     Summ           0%         N/A       100%        3
 Confusing Touch          Hex            0%         N/A       100%        3
 Sigil of Binding         Hex            0%         N/A       100%        3
 Summon Ice Beast         Ice/Summ       0%         N/A       100%        3
 Vampiric Draining        Necr           0%         2d6       100%        3
 Summon Blazeheart Golem  Fire/Summ      0%         N/A       100%        4
 Summon Mana Viper        Hex/Summ       0%         N/A       100%        5
 Monstrous Menagerie      Summ           0%         N/A       100%        7


Dungeon Overview and Level Annotations

Branches:
Dungeon (6/15)
 Temple: D:4-7

Altars:
Ashenzari
Gozag
Wu Jian
Yredelemnul
The Shining One

Annotations:
D:4 2 transporters, topfpfpflanze's ghost, novice OpAl
D:6 2 runed translucent doors, Tinttamiau's ghost, amateur TrDe


Innate Abilities, Weirdness & Mutations

You have a pair of horns on your head.
You reflexively headbutt those who attack you in melee.


Message History

Okay, then.
The centaur shoots an arrow.
The arrow hits you but does no damage.
The centaur shoots an arrow.
The arrow hits you but does no damage.
The centaur shoots an arrow.
The arrow hits you but does no damage.
The centaur shoots an arrow.
The arrow hits you!
* * * LOW HITPOINT WARNING * * *
The centaur shoots an arrow.
You block the arrow.
The centaur shoots an arrow.
You block the arrow.
The gnoll shouts!
The centaur shoots an arrow.
The arrow barely misses you.
You closely miss the gnoll.
The centaur shoots an arrow.
The arrow barely misses you. You block the gnoll's attack.
The centaur shoots an arrow.
The arrow barely misses you.
You completely miss the gnoll. You headbutt the gnoll.
The gnoll is moderately wounded.
The gnoll hits you with a +0 flail.
* * * LOW HITPOINT WARNING * * *
You hit the gnoll.
The gnoll is heavily wounded.
The centaur shoots an arrow.
The arrow barely misses you.
The arrow barely misses the gnoll. x2; The gnoll barely misses you.
You block the gnoll's attack.
The centaur shoots an arrow.
The arrow hits you!
* * * LOW HITPOINT WARNING * * *
Unknown command.
The centaur shoots an arrow.
The arrow barely misses you.
The arrow closely misses the gnoll. x2
Okay, then.
The centaur unwields a +0 shortbow.
The centaur hits you but does no damage.
The centaur barely misses you.
The gnoll hits you from afar with a +0 halberd!
* * * LOW HITPOINT WARNING * * *
The gnoll attacks as it pursues you! You block the gnoll's attack.
The centaur hits you but does no damage.
The centaur kicks you.
* * * LOW HITPOINT WARNING * * *
You hit the centaur.
The centaur is lightly wounded.
The centaur hits you.
You die...

#######
#....g#
#.###c# #.#
#@# #.# #g#
#.# #g# #.#
#.#........#
#.#
#g##........
#c#
#..........#
# #.#
#.......#..#
#.#
##.#....#..#
#.#
#.#....#..#
#


You could see a centaur and 4 gnolls.

Vanquished Creatures
  A sky beast (D:6)
  An ogre (D:5)
  2 phantoms (D:4)
  Blork the orc (D:6)
  A weeping skull (D:4)
  A scorpion (D:5)
  2 bombardier beetles
  6 hounds
  3 orc priests
  2 sleepcaps
  Jessica (D:2)
  2 iguanas
  An orc wizard (D:5)
  8 gnolls (D:3)
  6 adders
  A white imp (D:5)
  2 ufetubi (D:5)
  A dart slug (D:3)
  20 orcs
  6 bats
  5 endoplasms
  A giant cockroach (D:3)
  3 goblins
  3 hobgoblins
  8 jackals (D:1)
  7 kobolds
  8 quokkas
  4 ball pythons
  3 frilled lizards
  7 rats
  A spectral orc (D:4)
118 creatures vanquished.

Notes
Turn   | Place    | Note
-------+----------+-------------------------------------------
     0 | D:1      | Peloso the Minotaur Fighter began the quest for the Orb.
     0 | D:1      | Reached XP level 1. HP: 19/19 MP: 0/0
   177 | D:1      | Reached XP level 2. HP: 27/27 MP: 1/1
   414 | D:1      | Reached XP level 3. HP: 31/33 MP: 2/2
   825 | D:2      | Noticed Jessica
   832 | D:2      | Killed Jessica
   896 | D:2      | Reached XP level 4. HP: 31/41 MP: 3/3
  1102 | D:2      | Identified the +6 rapier of Pooqitey {spect, +Blink rF+
                  | Dex+3}
  1490 | D:3      | Reached XP level 5. HP: 47/47 MP: 4/4
  1613 | D:3      | Reached skill level 5 in Shields
  1712 | D:3      | Reached skill level 1 in Dodging
  1772 | D:3      | Found an opulent altar of Gozag.
  1814 | D:3      | Found an ornate altar of the Wu Jian Council.
  2793 | D:4      | Reached skill level 5 in Long Blades
  2793 | D:4      | Reached XP level 6. HP: 44/53 MP: 3/5
  3113 | D:4      | Reached skill level 5 in Armour
  3196 | D:4      | Found a transporter.
  3198 | D:4      | Noticed topfpfpflanze's ghost (novice OpAl)
  3200 | D:4      | Found a transporter.
  3200 | D:4      | Identified the +1 giant club "Xoysanizym" {flame, Dex+3}
  3386 | D:4      | Reached XP level 7. HP: 60/60 MP: 6/6
  3603 | D:4      | Found a basalt altar of Yredelemnul.
  3800 | D:5      | Entered Level 5 of the Dungeon
  3817 | D:5      | Reached skill level 5 in Fighting
  3828 | D:5      | Reached skill level 1 in Stealth
  4430 | D:5      | Found a broken altar of Ashenzari.
  4463 | D:5      | Found a glowing golden altar of the Shining One.
  5083 | D:6      | Noticed Blork the orc
  5090 | D:6      | Killed Blork the orc
  5091 | D:6      | Reached XP level 8. HP: 63/69 MP: 5/7
  5112 | D:6      | Found a large runed translucent door.
  5113 | D:6      | Found a large runed translucent door.
  5115 | D:6      | Noticed Tinttamiau's ghost (amateur TrDe)
  5507 | D:6      | HP: 2/70 [gnoll/+0 halberd[a gnoll bouda] (7)]
  5508 | D:6      | Slain by a centaur

Illustrated notes

Levels and vault maps discovered:
D:1:      nzn_arrival_water_spiral, layout_basic
D:2:      layout_rooms, minmay_misc_feat_roman, uniq_jessica
D:3:      layout_loops_corners, nicolae_wu_jian_glorious_leap,
          grunt_gozag_statues, uniq_crazy_yiuf_cottage
D:4:      minmay_spotlight, layout_loops_ring,
          yredelemnul_forgotten_temple_becter, gammafunk_ghost_smash,
          kennysheep_orc_chapel
D:5:      layout_loops_ring, mainiacjoe_overflow_catch_the_wave
D:6:      layout_basic, ebering_ghost_disaster_area, uniq_blork_the_orc

Skill      XL: |  1  2  3  4  5  6  7  8 |
---------------+-------------------------+-----
Fighting       | 4 5 |  5.8
Shields        | 4 5 6 |  6.0
Long Blades    | 3 4 5 6 7 |  7.5
Armour         | 4 5 6 7 |  7.1
Dodging        | 1 |  1.9
Stealth        | 1 |  1.1

Action                     |  1- 3 |  4- 6 |  7- 9 || total
---------------------------+-------+-------+-------++-------
  Melee: Long sword        |    91 |   137 |   116 ||   344
         Headbutt          |    12 |    34 |    26 ||    72
    Use: Potion            |     1 |       |       ||     1
         Scroll            |       |     1 |     6 ||     7
 Armour: Scale mail        |    87 |    52 |       ||   139
         Chain mail        |       |    62 |   152 ||   214
  Dodge: Dodged            |    49 |    46 |    50 ||   145
  Block: Buckler           |    30 |    38 |    46 ||   114
